 Dungeon Sprint DCSS version 0.22.1-1-ga44c0e56f4 (webtiles) character file.

1512 MuseOD the Impaler (level 8, -3/109 (117) HPs)
             Began as a Merfolk Berserker on Oct 7, 2018.
             Was a Priest of Trog.
             Engulfed by a death drake's foul pestilence (5 damage)
             ... in the Dungeon (Sprint II: "The Violet Keep of Menkaure").
             The game lasted 00:01:29 (410 turns).

MuseOD the Impaler (Merfolk Berserker)               Turns: 410, Time: 00:01:30

HP:   -3/109 (117)  AC:  2    Str: 24    XL:     8   Next: 83%
MP:   8/8           EV: 17    Int:  7    God:    Trog [***...]
Gold: 567           SH:  0    Dex: 13    Spells: 7/7 levels left

rFire    . . .     SeeInvis .   a - +0 spear
rCold    . . .     Gourm    .   (no shield)
rNeg     . . .     Faith    .   b - +0 animal skin
rPois    .         Spirit   .   (no helmet)
rElec    .         Reflect  .   (no cloak)
rCorr    .         Harm     .   (no gloves)
MR       .....     NoTele   +   (no boots)
Stlth    ..........             (no amulet)
HPRegen  0.00/turn              (no ring)
MPRegen  0.11/turn              (no ring)

@: berserking, lethally poisoned (-3 -> -243), non-regenerating, badly diseased,
slowed
A: change form in water, swift swim, stealthy swim
a: Berserk, Trog's Hand, Renounce Religion


You were in the Dungeon.
You worshipped Trog.
Trog was most pleased with you.
You were near starving.

You visited 1 branch You collected 567 gold pieces.

Inventory:

Hand Weapons
 a - a +0 spear (weapon)
Armour
 b - a +0 animal skin (worn)
Scrolls
 i - a scroll of blinking
 j - 2 scrolls of remove curse {unknown}
Potions
 d - a potion of curing
 e - a potion of heal wounds
 f - a potion of haste
 g - 2 potions of magic
 h - a potion of berserk rage
Comestibles
 c - a ration


   Skills:
 + Level 12.9 Fighting
 + Level 16.9 Polearms
 + Level 1.0 Throwing
 + Level 4.3 Armour
 + Level 8.8 Dodging
 - Level 1.3 Stealth


You had 7 spell levels left.
You didn't know any spells.
Your spell library was empty.

Dungeon Overview and Level Annotations

Branches:
Dungeon (1/1)

Altars:
Cheibriados
Dithmenos
Elyvilon
Fedhas
Gozag
Hepliaklqana
Kikubaaqudgha
Makhleb
Nemelex Xobeh
Ru
Sif Muna
Trog
Uskayaw
Beogh
Jiyva
Lugonu


Message History

You feel ill.
You feel very sick.
You miss the death drake.
The death drake is almost dead.
You are engulfed in dark miasma.
You are more poisoned.
You feel your flesh rotting away!
You feel very sick. The death drake barely misses you.
You hit the death drake.
The death drake is almost dead.
You are engulfed in dark miasma.
You are more poisoned.
You feel very sick. The death drake bites you.
The crystal guardian fires a crystalline bolt at you.
The crystal bolt freezes you!
* * * LOW HITPOINT WARNING * * *
You hit the death drake.
The death drake is almost dead.
You are engulfed in dark miasma.
You are more poisoned.
You feel your flesh rotting away!
You die...

##++# #≈...### ≈.....#
#....# +....# # ## ##..
####@# 8# ##.
.##.####..8k##§# #..#..#
...#..#k^§#
#.).####..#####..# .
#'###.##..# +..#
.w##.##...#..# #..#
#+.<.†##.+..####..###
w.##.##...#....###...##▓▓
. #'###.##....†.≈≈≈≈≈≈≈≈≈


You could see a death drake, a crystal guardian and a swamp drake.

Vanquished Creatures
  A great orb of eyes (D)
  A merfolk siren (D)
  A swamp drake (D)
  4 necrophages (D)
  A crocodile (D)
  3 worms (D)
11 creatures vanquished.

Vanquished Creatures (others)
  Menkaure (D)
1 creature vanquished.

Grand Total: 12 creatures vanquished

Notes
Turn   | Place    | Note
-------+----------+-------------------------------------------
     0 | D        | MuseOD the Merfolk Berserker began the quest for the Orb.
     0 | D        | Reached XP level 1. HP: 18/18 MP: 1/1
     1 | D        | Noticed a necrophage
     1 | D        | Noticed a necrophage
     1 | D        | Noticed a necrophage
     1 | D        | Noticed a necrophage
     9 | D        | Killed a necrophage
     9 | D        | Reached skill level 9 in Polearms
     9 | D        | Reached XP level 2. HP: 29/29 MP: 2/2
     9 | D        | Reached XP level 3. HP: 35/35 MP: 3/3
     9 | D        | Reached XP level 4. HP: 41/41 MP: 4/4
    16 | D        | Killed a necrophage
    16 | D        | Reached skill level 10 in Polearms
    16 | D        | Reached skill level 5 in Dodging
    16 | D        | Reached XP level 5. HP: 49/49 MP: 5/5
    27 | D        | Killed a necrophage
    27 | D        | Reached ** piety under Trog
    27 | D        | Reached skill level 12 in Polearms
    27 | D        | Reached XP level 6. HP: 57/57 MP: 6/6
    30 | D        | Killed Menkaure
    32 | D        | Killed a necrophage
    32 | D        | Reached skill level 13 in Polearms
    75 | D        | Noticed a merfolk siren
    85 | D        | Killed a merfolk siren
    85 | D        | Reached *** piety under Trog
    85 | D        | Reached skill level 14 in Polearms
    85 | D        | Reached XP level 7. HP: 68/68 MP: 7/7
   129 | D        | Noticed a tyrant leech
   129 | D        | Noticed a tyrant leech
   161 | D        | Found an opulent altar of Gozag.
   162 | D        | Found a blossoming altar of Fedhas.
   163 | D        | Found a white marble altar of Elyvilon.
   169 | D        | Reached **** piety under Trog
   169 | D        | Reached skill level 15 in Polearms
   170 | D        | Found a shadowy altar of Dithmenos.
   170 | D        | Found a corrupted altar of Lugonu.
   170 | D        | Found a burning altar of Makhleb.
   171 | D        | Found a snail-covered altar of Cheibriados.
   171 | D        | Found an ancient bone altar of Kikubaaqudgha.
   171 | D        | Found a bloodstained altar of Trog.
   171 | D        | Found a sparkling altar of Nemelex Xobeh.
   171 | D        | Found a hide-covered altar of Uskayaw.
   172 | D        | Found a roughly hewn altar of Beogh.
   172 | D        | Found a viscous altar of Jiyva.
   172 | D        | Found a deep blue altar of Sif Muna.
   173 | D        | Found a hazy altar of Hepliaklqana.
   173 | D        | Found a sacrificial altar of Ru.
   180 | D        | Noticed a great orb of eyes
   198 | D        | Killed a great orb of eyes
   198 | D        | Reached skill level 16 in Polearms
   198 | D        | Reached skill level 1 in Stealth
   198 | D        | Reached XP level 8. HP: 50/78 MP: 1/8
   390 | D        | Noticed a crystal guardian
   394 | D        | Noticed a death drake
   397 | D        | Reached skill level 1 in Throwing
   409 | D        | HP: 2/111 [crystal guardian/crystal bolt (46)]
   410 | D        | Engulfed by a death drake's foul pestilence

Skill      XL: |  1  2  3  4  5  6  7  8 |
---------------+-------------------------+-----
Fighting       | 6 7 8 11 12 | 12.9
Polearms       | 9 10 12 14 16 | 16.9
Armour         | 2 3 4 |  4.3
Dodging        | 4 5 7 8 |  8.8
Stealth        | 1 |  1.3
Throwing       | 1 |  1.0

Action                   |  1- 3 |  4- 6 |  7- 9 || total
-------------------------+-------+-------+-------++-------
Melee: Spear             |     7 |    31 |    46 ||    84
Invok: Berserk           |     1 |     1 |     2 ||     4
       Brothers in Arms  |       |       |     1 ||     1
 Stab: Sleeping          |       |       |     1 ||     1
Dodge: Dodged            |     3 |     4 |     9 ||    16
